 Dungeon Crawl Stone Soup version 0.29-a0-398-ge13fd1374b (webtiles) character file.

Game seed: 12649595808689556668

198 domi the Conjurer (level 5, 0/35 HPs)
             Began as a Demonspawn Hedge Wizard on May 12, 2022.
             Slain by a scorpion (5 damage)
             ... on level 4 of the Dungeon.
             The game lasted 00:07:44 (3121 turns).

domi the Conjurer (Demonspawn Hedge Wizard)         Turns: 3121, Time: 00:07:45

Health: 0/35       AC:  5    Str: 10    XL:     5   Next: 47%
Magic:  4/9        EV: 12    Int: 17    God:
Gold:   157        SH:  0    Dex: 13    Spells: 2/10 levels left

rFire   . . .      SeeInvis .   a - +0 dagger (vorpal)
rCold   . . .      Faith    .   (no shield)
rNeg    . . .      Spirit   .   b - +1 robe
rPois   .          Reflect  .   c - +0 hat
rElec   .          Harm     .   (no cloak)
rCorr   .          Rampage  .   (no gloves)
Will    .....                   (no boots)
Stlth   ++........              e - amulet of magic regeneration
HPRegen 0.11/turn               (no ring)
MPRegen 0.51/turn               (no ring)

@: lethally poisoned (0 -> -8)
A: powered by death 1, sharp scales 2
a: no special abilities


You were on level 4 of the Dungeon.
You visited 1 branch of the dungeon, and saw 4 of its levels.

You collected 157 gold pieces.

Inventory:

Hand Weapons
 a - a +0 vorpal dagger (weapon)
Missiles
 n - 6 javelins (quivered)
Armour
 b - a +1 robe (worn)
 c - a +0 hat (worn)
Jewellery
 e - an amulet of magic regeneration (around neck)
   (You acquired it on level 4 of the Dungeon)
Wands
 o - a wand of polymorph (9)
   (You found it on level 3 of the Dungeon)
 r - a wand of iceblast (8)
   (You found it on level 3 of the Dungeon)
Scrolls
 f - 6 scrolls of identify {@r1}
 l - a scroll of teleportation {@r4}
 p - 3 scrolls of vulnerability {!r!r}
Potions
 d - 2 potions of magic
 g - a potion of might
 h - a potion of heal wounds {unknown}
 i - 2 potions of resistance {unknown}
 s - 2 potions of degeneration {unknown}


   Skills:
 - Level 1.7 Dodging
 - Level 1.7 Stealth
 - Level 3.0 Spellcasting
 - Level 5.0 Conjurations
 + Level 2.3 Summonings
 - Level 0.8 Translocations


You had 2 spell levels left.
You knew the following spells:

 Your Spells              Type           Power      Damage    Failure   Level
b - Blink                 Tloc           10%        N/A       19%         2
c - Mephitic Cloud        Conj/Pois/Air  8%         N/A       26%         3
x - Call Imp              Summ           10%        N/A       10%         2
z - Magic Dart            Conj           76%        1d6       2%          1

Your spell library contained the following spells:

 Spells                   Type           Power      Damage    Failure   Level
 Slow                     Hex            8%         N/A       17%         1
 Conjure Flame            Conj/Fire      11%        6-21      19%         3


Dungeon Overview and Level Annotations

Branches:
Dungeon (4/15)
 Temple: D:4-7

Altars:

Shops:
D:3 :?

Annotations:
D:4 Sigmund


Innate Abilities, Weirdness & Mutations

You regenerate a little health from kills.
You are mostly covered in razor-sharp scales. (AC +2, Slay +2)


Message History

There is an open door here.
You enter the shallow water.
Moving in this stuff is going to be slow.
Sigmund the Dreaded comes into view.
He is wielding a +0 scythe.
You enter the shallow water.
Moving in this stuff is going to be slow.
A scorpion comes into view.
A scorpion is nearby!
A scorpion is nearby!
Aim: a scorpion (asleep, 100% to hit)
The magic dart hits the scorpion.
A hound comes into view.
You now have 8/9 mp.
Aim: a scorpion (lightly wounded, 100% to hit)
The magic dart hits the scorpion.
The hound barks!
Aim: a scorpion (moderately wounded, 100% to hit)
The magic dart hits the scorpion.
You now have 7/9 mp.
Aim: a scorpion (heavily wounded, 100% to hit)
The magic dart hits the scorpion but does no damage.
Aim: a scorpion (heavily wounded, 100% to hit)
The magic dart hits the scorpion.
You now have 6/9 mp.
Aim: a scorpion (severely wounded, 100% to hit)
The magic dart hits the scorpion but does no damage.
The hound misses you. The scorpion stings you!
You take 7 damage, and have 28/35 hp.
Unknown command.
Okay, then.
You blink.
You now have 4/9 mp.
The spell is quite dangerous to miscast (26% risk of failure)!
Continue anyway?
Aim: a hound (chance to affect: 86%)
You miscast Mephitic Cloud.
You are very lightly contaminated with residual magic.
Nothing appears to happen.
You now have 2/9 mp.
You feel stable enough to blink again.
There is an open door here.
The hound attacks as you move away! The hound barely misses you.
You hit the hound. The hound bites you. x2
You take 5 damage, and have 24/35 hp.
You hit the hound. The hound bites you but does no damage.
You closely miss the hound. The hound closely misses you. The hound bites you.
Your magical contamination has completely faded away.
You take 2 damage, and have 22/35 hp.
You hit the hound. The hound bites you but does no damage.
You closely miss the hound. The hound completely misses you.
The hound barely misses you.
You barely miss the hound. The hound misses you.
You hit the hound.
You kill the hound!
Your Summonings skill increases to level 2!
You barely miss the scorpion. The scorpion stings you.
You are poisoned.
The scorpion poisons you!
MP restored: 9
Aim: a scorpion (severely wounded, 100% to hit)
The magic dart hits the scorpion.
You feel very sick. The scorpion barely misses you.
You take 1 damage, and have 22/35 hp.
You now have 8/9 mp.
Aim: a scorpion (severely wounded, 100% to hit)
The magic dart hits the scorpion but does no damage.
You feel sick. The scorpion misses you. The scorpion barely misses you.
You take 2 damage, and have 20/35 hp.
Aim: a scorpion (severely wounded, 100% to hit)
The magic dart hits the scorpion but does no damage.
You feel sick. The scorpion closely misses you.
You take 2 damage, and have 18/35 hp.
You now have 7/9 mp.
Aim: a scorpion (severely wounded, 100% to hit)
The magic dart hits the scorpion but does no damage.
You feel sick. The scorpion misses you.
You take 1 damage, and have 17/35 hp.
Aim: a scorpion (severely wounded, 100% to hit)
The magic dart hits the scorpion.
You feel sick. The scorpion closely misses you.
You take 1 damage, and have 16/35 hp.
You now have 6/9 mp.
Aim: a scorpion (severely wounded, 100% to hit)
The magic dart hits the scorpion.
You feel sick. The scorpion stings you.
You take 3 damage, and have 13/35 hp.
Aim: a scorpion (almost dead, 100% to hit)
The magic dart hits the scorpion but does no damage.
You feel sick. The scorpion stings you.
You are lethally poisoned!
The scorpion poisons you! The scorpion barely misses you.
You take 2 damage, and have 11/35 hp.
You now have 5/9 mp.
Aim: a scorpion (almost dead, 100% to hit)
The magic dart hits the scorpion but does no damage.
* * * LOW HITPOINT WARNING * * *
You feel very sick. The scorpion misses you.
You take 3 damage, and have 8/35 hp.
Aim: a scorpion (almost dead, 100% to hit)
The magic dart hits the scorpion.
* * * LOW HITPOINT WARNING * * *
You feel very sick. The scorpion stings you.
You die...

####+#######..
###.#...<..........
#...#..............
#...#......†.......
#...#..............
#...#..............
#...#..............
#...#.............. #......
#.@.#..)........... #......
#####s#...........##'
#.....####≈#......########'##
#.....##≈≈≈#......'.........# .
#.....#≈≈###......#.........#..
#.....#≈≈#........#.....)...'..
#......≈≈.........#....))...#..
###......≈≈s........#.####)####..
.........≈≈.≈.####### ####..###..


You could see a scorpion.

Vanquished Creatures
  A hound (D:4)
  3 gnolls (D:4)
  2 worms
  3 orcs
  4 endoplasms
  3 giant cockroaches (D:3)
  6 goblins
  7 hobgoblins
  3 jackals (D:1)
  2 kobolds
  3 quokkas
  4 ball pythons
  7 bats
  2 frilled lizards
  4 rats (D:1)
54 creatures vanquished.

Vanquished Creatures (collateral kills)
  A scorpion (D:4)
  A gnoll (D:4)
  An orc (D:4)
3 creatures vanquished.

Grand Total: 57 creatures vanquished

Notes
Turn   | Place    | Note
-------+----------+-------------------------------------------
     0 | D:1      | domi the Demonspawn Hedge Wizard began the quest for the
                  | Orb.
     0 | D:1      | Reached XP level 1. HP: 13/13 MP: 4/4
   318 | D:1      | Reached skill level 2 in Conjurations
   358 | D:1      | Gained mutation: You are partially covered in razor-sharp
                  | scales. (AC +1, Slay +1) [demonic ancestry]
   358 | D:1      | Reached XP level 2. HP: 19/19 MP: 3/6
   437 | D:1      | Found a faded altar of an unknown god.
  1078 | D:1      | Reached skill level 3 in Conjurations
  1215 | D:2      | Reached XP level 3. HP: 24/24 MP: 4/7
  1218 | D:2      | Learned a level 2 spell: Call Imp
  1221 | D:2      | Learned a level 2 spell: Blink
  1225 | D:2      | Learned a level 3 spell: Mephitic Cloud
  2029 | D:3      | Found Tosex's Book Emporium.
  2370 | D:3      | Found Amoj's Magic Scroll Emporium.
  2728 | D:4      | Identified a scroll of acquirement
  2728 | D:4      | Acquired an amulet of magic regeneration
  2803 | D:4      | Noticed a scorpion
  2909 | D:4      | Killed a scorpion
  2910 | D:4      | Reached skill level 4 in Conjurations
  2910 | D:4      | Gained mutation: You regenerate a little health from kills.
                  | [demonic ancestry]
  2910 | D:4      | Reached XP level 4. HP: 30/30 MP: 4/8
  2975 | D:4      | Reached skill level 5 in Conjurations
  2975 | D:4      | Gained mutation: You are mostly covered in razor-sharp
                  | scales. (AC +2, Slay +2) [demonic ancestry]
  2975 | D:4      | Reached XP level 5. HP: 35/35 MP: 4/9
  3083 | D:4      | Noticed Sigmund
  3112 | D:4      | Reached skill level 2 in Summonings
  3120 | D:4      | HP: 8/35 [poisoned by a scorpion]
  3121 | D:4      | Slain by a scorpion

Illustrated notes

Levels and vault maps discovered:
D:1:      psy_arrival_radial01, layout_rooms,
          shapermc_ecumenical_altar_acropolis
D:2:      layout_rooms
D:3:      layout_loops_ring, serial_shops, nicolae_shop_trees, shop,
          chequers_serial_rivers_large_a, minmay_misc_feat_roman
D:4:      layout_gridville, chequers_serial_rivers_small_3, uniq_sigmund

Skill      XL: |  1  2  3  4  5 |
---------------+----------------+-----
Conjurations   | 2 3 4 5 |  5.0
Summonings     | 2 |  2.3
Dodging        | |  1.7
Stealth        | |  1.7
Spellcasting   | |  3.0
Translocations | |  0.8

Action                   |  1- 3 |  4- 6 || total
-------------------------+-------+-------++-------
Melee: Dagger            |    19 |     8 ||    27
 Cast: Magic Dart        |   123 |    33 ||   156
       Call Imp          |     2 |     1 ||     3
       Mephitic Cloud    |       |     1 ||     1
       Blink             |       |     1 ||     1
  Use: Scroll            |     9 |     1 ||    10
Armor: Robe              |     8 |     2 ||    10
Dodge: Dodged            |    17 |    14 ||    31

Table legend: (Time is in decaauts)
 A = Elapsed time spent in this place.
 B = Non-inter-level travel time spent in this place.
 C = Inter-level travel time spent in this place.
 D = Time resting spent in this place.
 E = Time spent auto-exploring this place.
 F = Levels seen in this place.
 G = Mean time per level.
                   A        B        C        D        E       F      G
               +--------+--------+--------+--------+--------+-----+--------+
         Total |   3136 |   3048 |     88 |    354 |   2290 |   4 |  784.0 |
       Dungeon |   3136 |   3048 |     88 |    354 |   2290 |   4 |  784.0 |
               +--------+--------+--------+--------+--------+-----+--------+

Top non-repeatable levels by time:
     D:1: 1232 daAuts
     D:3: 913 daAuts
     D:2: 583 daAuts
     D:4: 406 daAuts

Table legend:
 A = Kills in this place as a percentage of kills in entire the game.
 B = Kills by you in this place as a percentage of kills by you in the entire game.
 C = Kills by friends in this place as a percentage of kills by friends in the entire game.
 D = Other kills in this place as a percentage of other kills in the entire game.
 E = Experience gained in this place as a percentage of experience gained in the entire game.
 F = Experience gained in this place divided by the number of levels of this place that you have seen.
                   A       B       C       D       E      F
               +-------+-------+-------+-------+-------+----------------------
         Total | 100.0 | 100.0 | 100.0 | 100.0 | 100.0 |  70.8
       Dungeon | 100.0 | 100.0 | 100.0 | 100.0 | 100.0 |  70.8
               +-------+-------+-------+-------+-------+----------------------
